[Event "Titled Tuesday Blitz October 11 Late 2022"]
[White "Toncheva, Nadya"]
[Black "Bongo Akanga Ndjila, Barthelemy"]
[WhiteFideId "2924056"]
[BlackFideId "10609431"]
[WhiteElo "2101"]
[BlackElo "1768"]
[Result "1/2-1/2"]
[Round "01"]
[TimeControl "180+1"]
[Date "2022.10.12"]
[WhiteClock "0:00:04"]
[BlackClock "0:00:29"]

1. e4 c6 2. d4 d5 3. Nc3 g6 4. Nf3 Bg7 5. e5 f6 6. Be3 Nh6 7. exf6 exf6 8. Bd3 Nf5 9. O-O Nxe3 10. fxe3 O-O 11. e4 dxe4 12. Nxe4 f5 13. Nf2 Nd7 14. Bc4+ Kh8 15. Qd2 Nb6 16. Bb3 Nd5 17. Rae1 a5 18. c4 Nb6 19. a3 a4 20. Ba2 Re8 21. Rxe8+ Qxe8 22. Re1 Qf7 23. Ng5 Qf8 24. Kh1 Bh6 25. Nfh3 Bd7 26. Qc3 Re8 27. Nf3 Bg7 28. Nf4 c5 29. Rxe8 Bxe8 30. Qd2 cxd4 31. Ne6 Qd6 32. Nxg7 Kxg7 33. Nxd4 Qe5 34. Nf3 Qe4 35. c5 Nc4 36. Qc3+ Kh6 37. Qxc4 Qe3 38. Qh4+ Kg7 39. Qd4+ Qxd4 40. Nxd4 Kf6 41. Kg1 Ke5 42. Nf3+ Ke4 43. Ng5+ Ke3 44. Nxh7 Kd2 45. Nf6 Bc6 46. Bd5 Bxd5 47. Nxd5 Kc2 48. Nb6 Kxb2 49. Nxa4+ Kxa3 50. Nb6 Kb4 51. Nd7 Kb5 52. Kf2 Kc6 53. Ne5+ Kxc5 54. Nxg6 b5 55. h4 Kc4 56. h5 b4 57. h6 b3 58. h7 b2 59. h8=Q b1=Q 60. Qc8+ Kd5 61. Qd7+ Kc5 62. Qc7+ Kd5 63. Nf4+ Ke4 64. Qc4+ Ke5 65. Nd3+ Kf6 66. Qd4+ Kg5 67. Qe3+ Kg6 68. Ne5+ Kf6 69. Nd7+ Kg6 70. Qe6+ Kg5 71. Qg8+ Kf4 72. Qg3+ Ke4 73. Qe3+ Kd5 74. Nf6+ Kd6 75. Ne8+ Kd7 76. Nf6+ Kd6 77. Qf4+ Ke6 78. Qd4 Qc2+ 79. Kg1 Qc1+ 80. Kf2 Qc2+ 81. Kf3 Qb3+ 82. Kf2 Qc2+ 1/2-1/2


[Site "https://www.chess.com"]

[Event "Titled Tuesday Blitz October 11 Late 2022"]
[White "Van Foreest, Jorden"]
[Black "Tan, Ralph"]
[WhiteFideId "1039784"]
[BlackFideId "30966590"]
[WhiteElo "2649"]
[BlackElo "2059"]
[Result "1-0"]
[Round "01"]
[TimeControl "180+1"]
[Date "2022.10.11"]
[WhiteClock "0:01:40"]
[BlackClock "0:00:15"]

1. Nf3 Nf6 2. b3 g6 3. Bb2 d5 4. e3 Bg7 5. c4 c6 6. Nc3 O-O 7. h3 a6 8. Be2 b5 9. O-O Nbd7 10. d3 Bb7 11. Rc1 Rc8 12. Rc2 dxc4 13. dxc4 Nc5 14. Qa1 b4 15. Nb1 Nce4 16. Rd1 Qb6 17. Nbd2 c5 18. Nxe4 Bxe4 19. Rcd2 Rfd8 20. Ng5 Bb7 21. Bf3 h6 22. Rxd8+ Rxd8 23. Rxd8+ Qxd8 24. Nxf7 Kxf7 25. Bxb7 Qd2 26. a3 a5 27. axb4 axb4 28. e4 Nxe4 29. Bd5+ e6 30. Qa7+ Ke8 31. Qb8+ Ke7 32. Qc7+ Ke8 33. Bc6+ 1-0


[Site "https://www.chess.com"]

[Event "Titled Tuesday Blitz October 11 Late 2022"]
[White "Vargas, Mauricio"]
[Black "Diaz Rosas, Julio Cesar"]
[WhiteFideId "4404572"]
[BlackFideId "5105099"]
[WhiteElo "2025"]
[BlackElo "2246"]
[Result "0-1"]
[Round "01"]
[TimeControl "180+1"]
[Date "2022.10.12"]
[WhiteClock "0:00:10"]
[BlackClock "0:01:04"]

1. b3 e5 2. Bb2 Nc6 3. Nf3 e4 4. Nd4 Nf6 5. e3 d5 6. Nxc6 bxc6 7. Be2 Bd6 8. d3 O-O 9. Nd2 Qe7 10. dxe4 Nxe4 11. Nxe4 dxe4 12. O-O f5 13. Bc4+ Kh8 14. Qh5 Be6 15. Bxe6 Qxe6 16. Rad1 a5 17. Qg5 Rf7 18. c4 h6 19. Qh4 Kh7 20. Ba1 g5 21. Qh3 Rg8 22. f4 gxf4 23. exf4 Bc5+ 24. Kh1 Qg6 25. Rd2 Qg4 26. Qxg4 Rxg4 27. Re2 Rd7 28. h3 Rg3 29. Be5 h5 30. Kh2 Rgd3 31. Rfe1 Kg6 32. Rf2 Bxf2 33. Rf1 Bg3+ 34. Kg1 Rd1 35. Bc3 e3 0-1


[Site "https://www.chess.com"]

[Event "Titled Tuesday Blitz October 11 Late 2022"]
[White "Vazquez, Guillermo"]
[Black "Meissner, Felix"]
[WhiteFideId "3702308"]
[BlackFideId "24671827"]
[WhiteElo "2543"]
[BlackElo "2350"]
[Result "1-0"]
[Round "01"]
[TimeControl "180+1"]
[Date "2022.10.11"]
[WhiteClock "0:00:50"]
[BlackClock "0:00:21"]

1. b3 b6 2. e4 Bb7 3. Nc3 e6 4. Bb2 d6 5. d4 Nd7 6. Qd2 g6 7. f4 Ne7 8. Nf3 Bg7 9. h4 h5 10. O-O-O a5 11. Kb1 Nf6 12. Bb5+ c6 13. Bd3 d5 14. exd5 cxd5 15. Ne5 O-O 16. Ba3 a4 17. Nxa4 Nf5 18. Bxf8 Qxf8 19. Nxb6 Ra7 20. Bxf5 exf5 21. Nbd7 Nxd7 22. Nxd7 Qa3 23. c3 Ba6 24. Nc5 Bb5 25. Rhe1 Bf6 26. g3 Kg7 27. Qb2 Qa5 28. a4 Bc6 29. Re3 Rc7 30. Qa3 Ba8 31. Qb4 Qa7 32. Re8 Bc6 33. Rb8 Be7 34. Re1 Bxc5 35. dxc5 Bb7 36. Ree8 d4 37. Qxd4+ f6 38. Rg8+ Kf7 39. Rbf8+ 1-0


[Site "https://www.chess.com"]

[Event "Titled Tuesday Blitz October 11 Late 2022"]
[White "Vega Gutierrez, Sabrina"]
[Black "Kravtsiv, Martyn"]
[WhiteFideId "2219026"]
[BlackFideId "14113147"]
[WhiteElo "2456"]
[BlackElo "2854"]
[Result "0-1"]
[Round "01"]
[TimeControl "180+1"]
[Date "2022.10.12"]
[WhiteClock "0:00:01"]
[BlackClock "0:00:16"]

1. e4 e5 2. Nf3 Nc6 3. Nc3 Nf6 4. g3 d5 5. exd5 Nxd5 6. Bg2 Nxc3 7. bxc3 Bc5 8. O-O O-O 9. d3 Bg4 10. h3 Bh5 11. Rb1 Bb6 12. a4 Re8 13. g4 Bg6 14. Nd2 f6 15. Nc4 Bf7 16. Ne3 Qd7 17. Be4 Rad8 18. Qf3 Ne7 19. a5 Bxa5 20. Rxb7 Bb6 21. c4 Qa4 22. Bb2 Rb8 23. Ra1 Qd7 24. Rxb8 Rxb8 25. Ba3 Bd4 26. Rd1 Ng6 27. Bc6 Qc8 28. Bd5 Qa6 29. Bxf7+ Kxf7 30. Qd5+ Qe6 31. Nf5 Qxd5 32. cxd5 Nf4 33. d6 cxd6 34. Nxd6+ Kg8 35. Ne4 Nxh3+ 36. Kg2 Nf4+ 37. Kf3 Nd5 38. Rc1 Nc3 39. Nxc3 Bxc3 40. Bc5 a5 41. Be3 a4 0-1


[Site "https://www.chess.com"]

[Event "Titled Tuesday Blitz October 11 Late 2022"]
[White "Vujcic, Milena"]
[Black "Vrbljanac, Aleksandar"]
[WhiteFideId "954748"]
[BlackFideId "932817"]
[WhiteElo "1931"]
[BlackElo "2309"]
[Result "0-1"]
[Round "01"]
[TimeControl "180+1"]
[Date "2022.10.12"]
[WhiteClock "0:00:07"]
[BlackClock "0:00:15"]

1. e4 e5 2. Nf3 Nc6 3. Bb5 a6 4. Ba4 Nf6 5. O-O Be7 6. d3 d6 7. h3 O-O 8. c3 b5 9. Bc2 h6 10. a4 Bb7 11. Re1 Qd7 12. Nbd2 b4 13. Nf1 a5 14. Ng3 Rfe8 15. d4 Bf8 16. Qd3 Ba6 17. Qd1 Rab8 18. Bb3 Nd8 19. Bd2 c5 20. dxe5 dxe5 21. cxb4 axb4 22. Rc1 Rc8 23. Bc4 Bxc4 24. Rxc4 Nc6 25. Qc1 Ra8 26. Be3 Na5 27. Rc2 Nb3 28. Qb1 Qxa4 29. Rd1 Nd4 30. Bxd4 cxd4 31. Rc7 Bd6 32. Rb7 Qc6 0-1


[Site "https://www.chess.com"]

[Event "Titled Tuesday Blitz October 11 Late 2022"]
[White "Wagner, Dennis"]
[Black "Storey, Charles H"]
[WhiteFideId "24650684"]
[BlackFideId "406686"]
[WhiteElo "2470"]
[BlackElo "2252"]
[Result "1-0"]
[Round "01"]
[TimeControl "180+1"]
[Date "2022.10.12"]
[WhiteClock "0:01:03"]
[BlackClock "0:00:12"]

1. e4 g6 2. d4 Bg7 3. c4 c5 4. d5 e5 5. Nc3 d6 6. Bd3 Nd7 7. Nge2 Ngf6 8. Ng3 h5 9. h4 a6 10. a4 O-O 11. Bg5 Qa5 12. O-O Re8 13. Bd2 Qd8 14. f3 Nh7 15. Be1 Bf6 16. Nh1 Bxh4 17. g3 Bg5 18. Nf2 Be3 19. Kg2 Ndf6 20. Rh1 Kg7 21. Bd2 Bxd2 22. Qxd2 Rh8 23. a5 Ng8 24. Na4 Qg5 25. Qxg5 Nxg5 26. Nb6 Rb8 27. b4 cxb4 28. Rab1 Nf6 29. Rxb4 Nd7 30. Nxd7 Bxd7 31. Rb6 Rhd8 32. Rxd6 f6 33. c5 Nf7 34. Rb6 Rdc8 35. Rc1 Nd8 36. Be2 Ra8 37. f4 Rc7 38. fxe5 fxe5 39. c6 bxc6 40. d6 Rb7 41. Nd3 Rxb6 42. axb6 Nb7 43. Nxe5 Rd8 44. Nxd7 Rxd7 45. e5 Nxd6 46. exd6 Rxd6 47. b7 1-0


[Site "https://www.chess.com"]

[Event "Titled Tuesday Blitz October 11 Late 2022"]
[White "Wieczorek, Oskar"]
[Black "Dzierzak, Radoslaw"]
[WhiteFideId "1133950"]
[BlackFideId "1161407"]
[WhiteElo "2404"]
[BlackElo "2111"]
[Result "1-0"]
[Round "01"]
[TimeControl "180+1"]
[Date "2022.10.12"]
[WhiteClock "0:01:49"]
[BlackClock "0:00:08"]

1. e4 c5 2. Nf3 Nc6 3. b4 cxb4 4. d4 d5 5. exd5 Qxd5 6. c4 bxc3 7. Nxc3 Qa5 8. Rb1 Qxc3+ 9. Bd2 Qa3 10. d5 Nb8 11. Qc2 Bd7 12. Bb5 Na6 13. Bxd7+ Kxd7 14. Rxb7+ Kd6 15. Qc6# 1-0


[Site "https://www.chess.com"]

[Event "Titled Tuesday Blitz October 11 Late 2022"]
[White "Yanchenko, Roman"]
[Black "Pham, Le Thao Nguyen"]
[WhiteFideId "4137329"]
[BlackFideId "12401226"]
[WhiteElo "2514"]
[BlackElo "2282"]
[Result "1-0"]
[Round "01"]
[TimeControl "180+1"]
[Date "2022.10.12"]
[WhiteClock "0:00:11"]
[BlackClock "0:00:11"]

1. d4 g6 2. c4 Bg7 3. Nf3 Nf6 4. Nc3 O-O 5. Bf4 d6 6. e3 a6 7. Be2 Nbd7 8. O-O b6 9. h3 Bb7 10. b4 a5 11. a3 axb4 12. axb4 Rxa1 13. Qxa1 Qa8 14. Qb2 c5 15. Ra1 Qc8 16. bxc5 bxc5 17. Qb3 Nh5 18. Bg5 Bxf3 19. Bxf3 cxd4 20. Nd5 Qc5 21. Bxh5 gxh5 22. Rd1 Rb8 23. exd4 Rxb3 24. dxc5 Nxc5 25. Bxe7 Ne4 26. f3 Ng3 27. Nf6+ Kh8 28. Rxd6 Rb8 29. Rd8+ Rxd8 30. Bxd8 Bf8 31. Kf2 Nf5 32. Bb6 h4 33. Nd5 Bd6 34. c5 Bg3+ 35. Ke2 Nd4+ 36. Kd3 Nc6 37. Ke4 Kg7 38. Ne3 Kf6 39. Kd5 Ne7+ 40. Kc4 Nc6 41. Nd5+ Ke6 42. Nb4 Ne5+ 43. Kb5 Kd7 44. c6+ Kd6 45. Bc5+ Kc7 46. Nd5+ Kc8 47. Bb6 Nd3 48. Ne7+ Kb8 49. Kc4 Ne5+ 50. Kd5 Ng6 51. Nxg6 hxg6 52. Ke4 Kc8 53. f4 Bh2 54. Ke5 g5 55. Be3 f6+ 56. Kf5 Kc7 57. fxg5 fxg5 58. Bxg5 Kxc6 59. Bxh4 Kd6 60. g4 Kd7 61. Bf6 Ke8 62. h4 Kf7 63. h5 Bg3 64. g5 Kg8 65. g6 Bd6 66. h6 Kf8 67. h7 Ke8 68. Ke6 1-0


[Site "https://www.chess.com"]

[Event "Titled Tuesday Blitz October 11 Late 2022"]
[White "Yano, William Jorge Froes"]
[Black "Rytenko, Vsevolod"]
[WhiteFideId "2112949"]
[BlackFideId "14133040"]
[WhiteElo "2122"]
[BlackElo "2262"]
[Result "1/2-1/2"]
[Round "01"]
[TimeControl "180+1"]
[Date "2022.10.12"]
[WhiteClock "0:01:10"]
[BlackClock "0:02:07"]

1. e4 d5 2. exd5 Nf6 3. Nc3 Nxd5 4. Bc4 Nb6 5. Bb3 Nc6 6. Nge2 Bg4 7. f3 Bh5 8. d3 e5 9. Be3 Nd4 10. Bxd4 exd4 11. Ne4 Bb4+ 12. c3 dxc3 13. bxc3 Be7 14. O-O O-O 15. Nf4 Bg6 16. Nxg6 hxg6 17. d4 Nd5 18. Qe1 c6 19. Rd1 Re8 20. c4 Bb4 21. Qf2 Nf4 22. Kh1 a5 23. a4 Bd6 24. Rfe1 Bb4 25. Rf1 Qe7 26. d5 Rad8 27. Qg3 Nh5 28. Qg5 Qxg5 29. Nxg5 cxd5 30. cxd5 Bd6 31. Ne4 Nf6 32. Nxf6+ gxf6 33. Rfe1 Kg7 34. Kg1 Bb4 35. Rxe8 Rxe8 36. Kf2 Bc5+ 37. Kf1 Bd6 38. Re1 Rxe1+ 39. Kxe1 Bxh2 40. Kf2 Bd6 41. Ke3 f5 42. g4 Bc5+ 43. Kf4 Bd6+ 44. Ke3 Kf6 45. Bc2 fxg4 46. fxg4 Ke5 47. Bb3 Be7 48. Bc4 Bc5+ 49. Kf3 Kd4 50. Ba2 Bd6 51. Bb3 Kc3 52. Bd1 f5 53. gxf5 gxf5 54. Be2 Kb3 55. Bb5 Kc3 56. Ke3 Bc5+ 57. Kf4 Kd4 58. Kxf5 Kxd5 59. Kf4 Kd4 60. Kg4 Kc3 61. Kf5 b6 62. Kg6 Kb4 63. Kf7 Kc3 64. Kg8 Kd4 65. Kf7 1/2-1/2


[Site "https://www.chess.com"]

[Event "Titled Tuesday Blitz October 11 Late 2022"]
[White "Yeritsyan, Hayk"]
[Black "Melikyan, Gnel"]
[WhiteFideId "13307320"]
[BlackFideId "54109990"]
[WhiteElo "2342"]
[BlackElo "2138"]
[Result "0-1"]
[Round "01"]
[TimeControl "180+1"]
[Date "2022.10.12"]
[WhiteClock "0:01:20"]
[BlackClock "0:01:30"]

1. d4 d6 2. Nf3 Nf6 3. Bf4 g6 4. h3 Bg7 5. e3 O-O 6. Be2 Nc6 7. c3 e5 8. Bh2 Qe7 9. O-O Ne4 10. Nbd2 Nxd2 11. Nxd2 f5 12. Bf3 e4 13. Be2 g5 14. Qc2 Nd8 15. c4 c6 16. Rfe1 d5 17. cxd5 cxd5 18. Rac1 f4 19. Qc5 Qf7 20. Qc7 Bd7 21. Bg4 fxe3 22. fxe3 Qf2+ 23. Kh1 Bxg4 24. Nxe4 dxe4 25. hxg4 Nf7 26. Qxb7 Nh6 27. Qxe4 Rae8 28. Qd5+ Kh8 29. Qxg5 Qxb2 30. Rc7 Rf7 31. Rc6 Qf2 32. Rec1 Qxe3 33. Qxe3 Rxe3 34. Bf4 Rxf4 35. Rc8+ Rf8 36. Rxf8+ Bxf8 37. Rc7 Re1+ 38. Kh2 Bd6+ 39. Kh3 Rh1# 0-1


[Site "https://www.chess.com"]

[Event "Titled Tuesday Blitz October 11 Late 2022"]
[White "Yurovskykh, Oleksandr"]
[Black "Tarnowska, Aleksandra"]
[WhiteFideId "14134020"]
[BlackFideId "1180967"]
[WhiteElo "2303"]
[BlackElo "1776"]
[Result "1-0"]
[Round "01"]
[TimeControl "180+1"]
[Date "2022.10.12"]
[WhiteClock "0:01:36"]
[BlackClock "0:01:06"]

1. d4 d5 2. Bf4 e6 3. e3 Nf6 4. Nd2 Nbd7 5. Bd3 c5 6. c3 Be7 7. Ngf3 O-O 8. O-O b6 9. Qe2 Bb7 10. Ne5 Rc8 11. Rad1 Re8 12. Rfe1 Nf8 13. Bg3 Ng6 14. Nxg6 hxg6 15. Bh4 c4 16. Bc2 b5 17. a3 a5 18. e4 Nxe4 19. Bxe7 Qxe7 20. Nxe4 dxe4 21. Bxe4 Bxe4 22. Qxe4 Qd7 23. g3 Rb8 24. Qe5 Red8 25. Rd2 Qc6 26. Rde2 Rd5 27. Qxb8+ 1-0


[Site "https://www.chess.com"]

[Event "Titled Tuesday Blitz October 11 Late 2022"]
[White "Zhigalko, Sergei"]
[Black "Pesotskiy, Mikhail"]
[WhiteFideId "13502956"]
[BlackFideId "34164453"]
[WhiteElo "2867"]
[BlackElo "2467"]
[Result "1-0"]
[Round "01"]
[TimeControl "180+1"]
[Date "2022.10.12"]
[WhiteClock "0:02:23"]
[BlackClock "0:00:45"]

1. e4 e6 2. d4 d5 3. e5 c5 4. c3 Qa5 5. Nf3 cxd4 6. Qxd4 Nc6 7. Qf4 Nge7 8. Bd3 Ng6 9. Qg3 Qc7 10. Bxg6 hxg6 11. O-O Bd7 12. Bg5 Be7 13. Bxe7 Nxe7 14. Nbd2 f6 15. exf6 Qxg3 16. f7+ Kxf7 17. fxg3 Ke8 18. Ne5 Rh5 19. Rae1 Rf5 20. g4 Rxf1+ 21. Rxf1 Nc6 22. Nxg6 1-0


[Site "https://www.chess.com"]

[Event "Titled Tuesday Blitz October 11 Late 2022"]
[White "Zierk, Steven"]
[Black "Winterberg, Lukas"]
[WhiteFideId "2034255"]
[BlackFideId "24622702"]
[WhiteElo "2494"]
[BlackElo "2349"]
[Result "1-0"]
[Round "01"]
[TimeControl "180+1"]
[Date "2022.10.11"]
[WhiteClock "0:00:37"]
[BlackClock "0:00:02"]

1. e4 e6 2. d4 d5 3. Nd2 c5 4. exd5 Qxd5 5. Ngf3 cxd4 6. Bc4 Qd7 7. O-O Nc6 8. Nb3 a6 9. Nbxd4 Nxd4 10. Qxd4 Qxd4 11. Nxd4 Nf6 12. a4 Bd6 13. Rd1 Bc7 14. Bg5 O-O 15. Ra3 Ne4 16. Be3 h6 17. Nf3 b6 18. Rb3 Nc5 19. Rb4 a5 20. Bxc5 axb4 21. Bxf8 Kxf8 22. Nd4 Rxa4 23. Nb5 Ba6 24. b3 Bxb5 25. Bxb5 Ra2 26. Rd2 Be5 27. g3 g5 28. Rd8+ Kg7 29. Bd3 Kf6 30. Rh8 Kg7 31. Rh7+ Kf8 32. Rxh6 Kg7 33. Rh5 Bf6 34. Kg2 Ra1 35. Kf3 Rd1 36. Ke2 Rc1 37. Rh7+ Kf8 38. Kf3 Rd1 39. Kg4 Rd2 40. f4 gxf4 41. Kxf4 Kg8 42. Rh5 Be7 43. h4 Bd6+ 44. Kf3 Rd1 45. Rg5+ Kf8 46. h5 Rh1 47. Kg2 Re1 48. h6 Re5 49. h7 Rxg5 50. h8=Q+ Ke7 51. Qh4 f6 52. Qh7+ Kd8 53. Qh8+ Kc7 54. Qxf6 Rxg3+ 55. Kf2 Rh3 56. Qxe6 Rh2+ 57. Kf3 Rh5 58. Qf7+ 1-0


[Site "https://www.chess.com"]

[Event "Titled Tuesday Blitz October 11 Late 2022"]
[White "Zochowski, Kacper"]
[Black "Dubov, Daniil"]
[WhiteFideId "1125494"]
[BlackFideId "24126055"]
[WhiteElo "2292"]
[BlackElo "2791"]
[Result "0-1"]
[Round "01"]
[TimeControl "180+1"]
[Date "2022.10.11"]
[WhiteClock "0:00:09"]
[BlackClock "0:01:20"]

1. Nf3 d5 2. c4 d4 3. e3 Nc6 4. exd4 Nxd4 5. Nxd4 Qxd4 6. Nc3 Nf6 7. Be2 g6 8. d3 Bg7 9. Be3 Qd8 10. d4 O-O 11. O-O c6 12. Qd2 Re8 13. Rac1 Bf5 14. Rfd1 Ne4 15. Nxe4 Bxe4 16. Bd3 Bxd3 17. Qxd3 Qa5 18. a3 Rad8 19. b4 Qa4 20. d5 cxd5 21. cxd5 Rd7 22. Rc5 b6 23. Qc2 Qxa3 24. Rc8 Rdd8 25. Rxd8 Rxd8 26. Qc4 Qa4 27. Rd3 a5 28. h3 Qxb4 29. Qc7 Ra8 30. Qxb6 Qxb6 31. Bxb6 a4 32. Bc5 Bb2 33. Ba3 Bxa3 34. Rxa3 Kf8 35. Kf1 Ke8 36. Ke2 Kd7 37. Kd3 Kd6 38. Kc4 Ra5 39. f4 h5 40. g3 Rc5+ 41. Kb4 Rxd5 42. Kxa4 h4 43. gxh4 Rd4+ 44. Kb5 Rxf4 45. h5 Rf5+ 46. Kc4 Rxh5 47. Re3 e5 48. Kd3 Kd5 49. Rg3 Rh4 50. Ke2 Ra4 51. Rb3 f5 52. Kf3 Kd4 53. Rb8 Ra3+ 54. Kg2 e4 55. Rg8 f4 56. Rxg6 Ra2+ 57. Kg1 f3 58. h4 Ke3 59. Rf6 Ra1+ 60. Kh2 f2 61. Kg2 Rg1+ 62. Kh2 f1=Q 63. Rxf1 Rxf1 64. h5 Rf5 65. h6 Rh5+ 66. Kg3 Rxh6 0-1


[Site "https://www.chess.com"]

[Event "Titled Tuesday Blitz October 11 Late 2022"]
[White "Zomorrodian, Eilia"]
[Black "Fernandez Hernandez, Gerardo"]
[WhiteFideId "12551805"]
[BlackFideId "2207400"]
[WhiteElo "2078"]
[BlackElo "2147"]
[Result "1-0"]
[Round "01"]
[TimeControl "180+1"]
[Date "2022.10.12"]
[WhiteClock "0:00:49"]
[BlackClock "0:00:09"]

1. c4 e5 2. e3 d6 3. a3 g6 4. b4 Bg7 5. Bb2 f5 6. Nf3 Nf6 7. d3 O-O 8. Nbd2 Be6 9. Be2 Nc6 10. O-O h6 11. e4 f4 12. d4 exd4 13. Nxd4 Nxd4 14. Bxd4 Nd7 15. Nf3 Ne5 16. Rc1 Bg4 17. Nxe5 Bxe2 18. Qxe2 Bxe5 19. Bxe5 dxe5 20. Rfd1 Qg5 21. Qf3 Rad8 22. h3 c6 23. Rc3 Rxd1+ 24. Qxd1 Rd8 25. Rd3 Rxd3 26. Qxd3 Kf7 27. Qd6 Qe7 28. Qb8 a6 29. Qh8 h5 30. c5 Qf6 31. Qb8 Qe7 32. Kh2 Kf6 33. Qh8+ Qg7 34. Qc8 Qe7 35. g4 fxg3+ 36. fxg3 Kg7 37. Qb8 Kf6 38. Kg2 Kg7 39. g4 hxg4 40. hxg4 Kh7 41. Kh3 Qf7 42. Qxe5 Qf1+ 43. Kg3 Qe1+ 44. Kf3 Qc3+ 45. Qxc3 1-0


[Site "https://www.chess.com"]

[Event "Titled Tuesday Blitz October 11 Late 2022"]
[White "miragha_yev"]
[Black "Vovk, Orest"]
[BlackFideId "14113490"]
[WhiteElo "2782"]
[BlackElo "2215"]
[Result "1-0"]
[Round "01"]
[TimeControl "180+1"]
[Date "2022.10.12"]
[WhiteClock "0:02:27"]
[BlackClock "0:02:17"]

1. c4 g5 2. d4 h6 3. Nc3 Bg7 4. h4 c5 5. dxc5 Bxc3+ 6. bxc3 Qa5 7. Qd4 Nf6 8. hxg5 Nc6 9. Qe3 Ng4 10. Qg3 Nge5 11. gxh6 Qxc5 12. Qg7 Ng6 13. h7 Rf8 14. h8=Q Qxc4 15. Qhxf8+ Nxf8 16. Rh8 Qxc3+ 17. Qxc3 1-0


[Site "https://www.chess.com"]

[Event "Titled Tuesday Blitz October 11 Late 2022"]
[White "Adury, Anant"]
[Black "Wieczorek, Oskar"]
[WhiteFideId "30964687"]
[BlackFideId "1133950"]
[WhiteElo "2314"]
[BlackElo "2404"]
[Result "0-1"]
[Round "02"]
[TimeControl "180+1"]
[Date "2022.10.12"]
[WhiteClock "0:00:01"]
[BlackClock "0:01:06"]

1. d4 Nf6 2. c4 c5 3. d5 g6 4. Nc3 Bg7 5. e4 d6 6. Bd3 O-O 7. Nf3 Bg4 8. Bf4 e6 9. O-O Nh5 10. Be3 Nd7 11. h3 Bxf3 12. Qxf3 Ne5 13. Qd1 Nxd3 14. Qxd3 e5 15. f3 f5 16. a3 Qh4 17. Bf2 Qg5 18. Be3 Nf4 19. Bxf4 exf4 20. exf5 gxf5 21. Nb5 Qe7 22. Rae1 Be5 23. Re2 a6 24. Nc3 Kh8 25. Rfe1 Qg7 26. Nd1 Rf6 27. b4 b6 28. bxc5 bxc5 29. Qc2 Rg6 30. Qxf5 Rg8 31. Qc2 Rg3 32. Kh1 Qh6 33. Nf2 Rxg2 34. Qf5 R2g5 35. Qe6 R5g6 36. Qd7 Qh4 37. Re4 Qxf2 0-1


[Site "https://www.chess.com"]

[Event "Titled Tuesday Blitz October 11 Late 2022"]
[White "Aghasiyev, Kamal"]
[Black "Vazquez, Guillermo"]
[WhiteFideId "13402854"]
[BlackFideId "3702308"]
[WhiteElo "2341"]
[BlackElo "2543"]
[Result "0-1"]
[Round "02"]
[TimeControl "180+1"]
[Date "2022.10.11"]
[WhiteClock "0:00:36"]
[BlackClock "0:00:33"]

1. d4 d5 2. c4 e6 3. Nf3 a6 4. cxd5 exd5 5. Nc3 h6 6. Bf4 Nf6 7. e3 Bd6 8. Bd3 Bxf4 9. exf4 Bg4 10. O-O O-O 11. h3 Bxf3 12. Qxf3 Nc6 13. Ne2 Re8 14. Rac1 Qd6 15. a3 Ne4 16. Rfd1 Qf6 17. Bb1 Rad8 18. f5 Qh4 19. Qf4 Qe7 20. f3 Nf6 21. Ng3 Qd7 22. Bc2 Na7 23. Bd3 Re7 24. Re1 Rde8 25. Rxe7 Rxe7 26. Nf1 Nc6 27. Nd2 Qe8 28. Nb3 Re1+ 29. Kh2 Rxc1 30. Qxc1 Qe7 31. Qf4 Nh5 32. Qh4 Qxh4 0-1


[Site "https://www.chess.com"]

[Event "Titled Tuesday Blitz October 11 Late 2022"]
[White "Aldokhin, Ivan"]
[Black "Jean Louis, Marckens"]
[WhiteFideId "24115720"]
[BlackFideId "11900270"]
[WhiteElo "2313"]
[BlackElo "2030"]
[Result "1-0"]
[Round "02"]
[TimeControl "180+1"]
[Date "2022.10.12"]
[WhiteClock "0:00:41"]
[BlackClock "0:00:14"]

1. e4 e6 2. d4 d5 3. Nc3 Nf6 4. e5 Nfd7 5. f4 a6 6. Nf3 c5 7. Be3 Nc6 8. Qd2 cxd4 9. Nxd4 Bc5 10. O-O-O Bxd4 11. Bxd4 Nxd4 12. Qxd4 Qb6 13. Qxb6 Nxb6 14. Kd2 Bd7 15. Ke3 g6 16. Kd4 Ke7 17. Bd3 h5 18. g3 Rac8 19. b3 Rc7 20. Ne2 Rhc8 21. a4 Be8 22. h3 Nd7 23. Ke3 Nc5 24. Nd4 Bd7 25. g4 Rh8 26. Rdf1 Rcc8 27. f5 gxf5 28. gxf5 Rcg8 29. f6+ Kd8 30. Rhg1 Be8 31. Nf3 b5 32. axb5 Bxb5 33. Kd4 Bxd3 34. cxd3 Nxb3+ 35. Kc3 Nc5 36. Ng5 Ke8 37. Rb1 h4 38. Kd4 Nd7 39. Rgc1 Nxe5 40. Kxe5 Rxg5+ 41. Kd6 1-0


[Site "https://www.chess.com"]

[Event "Titled Tuesday Blitz October 11 Late 2022"]
[White "Alexikov, Alexander"]
[Black "Hirneise, Jens"]
[WhiteFideId "14103958"]
[BlackFideId "24614734"]
[WhiteElo "2222"]
[BlackElo "2344"]
[Result "0-1"]
[Round "02"]
[TimeControl "180+1"]
[Date "2022.10.12"]
[WhiteClock "0:00:04"]
[BlackClock "0:00:31"]

1. e4 g6 2. d4 Bg7 3. Nf3 c5 4. d5 b5 5. a4 b4 6. c4 bxc3 7. bxc3 Ba6 8. Bb5 Bxb5 9. axb5 Qb6 10. Qd3 Nf6 11. h3 O-O 12. Be3 d6 13. O-O Nbd7 14. Nbd2 Ne8 15. Ra6 Qb7 16. c4 Nc7 17. Ra5 a6 18. bxa6 Rxa6 19. Rxa6 Nxa6 20. Bg5 Re8 21. Qb3 Nb4 22. Nb1 Qa6 23. Nc3 Nb6 24. Nb5 Qa4 25. Qxa4 Nxa4 26. Rc1 Kf8 27. Bf4 Ra8 28. Bd2 Nd3 29. Rb1 Nab2 30. e5 Nxc4 31. exd6 Nxd6 32. Nxd6 exd6 33. Be3 c4 34. Rb7 Rc8 35. Ng5 Ne5 36. Nxh7+ Kg8 37. Ng5 c3 38. Ne4 c2 39. Bc1 Nd3 40. Nxd6 Nxc1 41. Nxc8 Ne2+ 42. Kf1 c1=Q+ 43. Kxe2 Qxc8 44. Rb4 Qc2+ 0-1


[Site "https://www.chess.com"]

[Event "Titled Tuesday Blitz October 11 Late 2022"]
[White "Ambartsumova, Karina"]
[Black "Babazada, Khazar"]
[WhiteFideId "4166299"]
[BlackFideId "13413554"]
[WhiteElo "2591"]
[BlackElo "2875"]
[Result "1-0"]
[Round "02"]
[TimeControl "180+1"]
[Date "2022.10.12"]
[WhiteClock "0:00:09"]
[BlackClock "0:00:18"]

1. d4 a6 2. c4 c6 3. Nc3 e6 4. e4 d6 5. Be3 b6 6. Qd2 Nd7 7. f4 Bb7 8. Nf3 h5 9. Bd3 h4 10. e5 d5 11. O-O g6 12. Qc2 Qe7 13. a3 Nh6 14. b4 Nf5 15. Qe2 b5 16. cxd5 cxd5 17. Rfb1 Rc8 18. Bd2 Nb8 19. a4 Nc6 20. axb5 axb5 21. Nxb5 Qd8 22. Na7 Nxa7 23. Rxa7 Qb6 24. Bb5+ Kd8 25. Rxb7 Qxb7 26. Ba6 Qb6 27. Bxc8 Kxc8 28. Qd3 Be7 29. Ra1 Kb7 30. b5 Ra8 31. Rc1 Rc8 32. Rxc8 Kxc8 33. Qc2+ Kb7 34. Qa4 Qa7 35. Qxa7+ Kxa7 36. Ba5 Ne3 37. Kf2 Nc4 38. Bc3 Kb6 39. Ke2 Kxb5 40. Be1 Na3 41. Kd3 Nc4 42. Bxh4 Bxh4 43. Nxh4 Nb2+ 44. Kc2 Nc4 45. Kd3 Nb2+ 46. Kd2 Kc4 47. Nf3 Na4 48. h4 Nb6 49. g4 Nd7 50. Ke3 Nf8 51. Ng5 Kc3 52. h5 gxh5 53. gxh5 Kc4 54. h6 1-0


[Site "https://www.chess.com"]

[Event "Titled Tuesday Blitz October 11 Late 2022"]
[White "Andreikin, Dmitry"]
[Black "Atakishiyev, Elmar"]
[WhiteFideId "4158814"]
[BlackFideId "13410547"]
[WhiteElo "2736"]
[BlackElo "2203"]
[Result "1-0"]
[Round "02"]
[TimeControl "180+1"]
[Date "2022.10.11"]
[WhiteClock "0:01:48"]
[BlackClock "0:00:09"]

1. d4 Nf6 2. c4 g6 3. Nc3 d5 4. cxd5 Nxd5 5. e4 Nxc3 6. bxc3 Bg7 7. Bc4 c5 8. Ne2 Nc6 9. Be3 O-O 10. Rc1 Qa5 11. O-O b6 12. f4 Ba6 13. Bxa6 Qxa6 14. d5 Na5 15. f5 Nc4 16. Bg5 Rfe8 17. Qd3 b5 18. Nf4 h6 19. fxg6 fxg6 20. Bh4 Ne5 21. Qg3 g5 22. Ne6 Bf6 23. Rf5 Kh7 24. Bxg5 Rg8 25. Rxe5 Bxe5 26. Qxe5 hxg5 27. Nxg5+ Rxg5 28. Qxg5 Qf6 29. Qh5+ Kg7 30. Rf1 Qg6 31. Qe5+ Kg8 32. Rf3 1-0


[Site "https://www.chess.com"]